Construct Section Command Post
Construct Field Infirmary
Construct Platoon Command Post
Selects Air and Sea Battlegroup
Selects Commando Section Paradrop
Selects Commando Support Section Paradrop
Commando Support Section Paradrop
6-pounder Anti-tank Gun Team
Commando Section Paradrop
Construct Company Command Post
Selects Incendiary Bombing Run
Selects Naval Bombardment
Commando Section Paradrop
Commando Support Section Paradrop